Map: Rainfall LE

Players

BabyMarine - Winner!

  • Race: Terran Terran
  • Spawn Location: 11:00

LetaleX

  • Race: Protoss Protoss
  • League: Grandmaster
  • Spawn Location: 5:00

Event: HomeStory Cup XXIX

VOD

Have the link to the VOD?

Description

Time

  • Played on: July 4, 2026, 3:28 p.m.
  • Length: 10:44

All games in this series

Show
View Real Time Build Order
Export as new Build Order

BabyMarine Terran - Winner!

Build Orders: Reaper Expand 

Get SALT Encoding   

  8  0:00  SCV  
  9  0:12  SCV  
  10  0:24  SCV  
  10  0:27  Supply Depot  
  11  0:36  SCV  
  12  0:48  SCV  
  13  0:54  Barracks  
  13  1:01  SCV  
  14  1:05  Refinery  
  14  1:13  SCV  
  15  1:25  SCV  
  16  1:40  Orbital Command  
  16  1:47  Reaper  
  17  2:07  Command Center  
  17  2:08  SCV  
  18  2:16  Supply Depot  
  18  2:20  SCV  
  18  2:22  Marine  
  20  2:33  Factory  
  20  2:36  SCV  
  21  2:42  Barracks Reactor  
  21  2:45  Refinery  
  21  2:48  SCV  
  22  3:02  Bunker  
  22  3:03  SCV  
  23  3:16  SCV  
  23  3:18  Hellion  
  26  3:20  Marine x2  
  26  3:25  Orbital Command  
  28  3:28  SCV  
  29  3:37  Starport  
  29  3:44  Hellion  
  29  3:46  SCV  
  32  3:49  Marine  
  32  3:53  SCV  
  34  3:58  SCV  
  34  4:00  Supply Depot  
  35  4:03  Marine  
  35  4:07  Marine  
  35  4:09  Hellion  
  39  4:13  SCV x2  
  41  4:21  Medivac  
  41  4:23  Marine  
  41  4:24  Supply Depot  
  44  4:25  Marine  
  45  4:32  SCV x2  
  45  4:36  Factory Tech Lab  
  47  4:45  Marine x2, Barracks  
  49  4:47  SCV x2  
  49  4:49  Supply Depot  
  51  4:54  Siege Tank  
  51  4:58  Starport Tech Lab  
  51  4:59  SCV  
  55  5:00  SCV  
  55  5:04  Marine x2  
  58  5:13  Supply Depot, SCV, Barracks  
  59  5:18  Raven  
  59  5:19  SCV  
  62  5:23  Marine  
  62  5:24  Marine  
  62  5:27  SCV  
  65  5:34  SCV  
  66  5:39  Siege Tank  
  66  5:40  Barracks Tech Lab  
  66  5:41  Marine x2  
  69  5:43  SCV  
  69  5:46  Engineering Bay  
  69  5:48  Refinery  
  62  5:57  SCV x2  
  62  5:59  Marine, Stimpack  
  62  6:00  Marine x2  
  67  6:09  SCV  
  68  6:11  SCV  
  68  6:12  Terran Infantry Weapons Level 1  
  68  6:13  Refinery  
  68  6:14  Starport Reactor  
  68  6:15  Marine  
  68  6:17  Marine  
  68  6:18  Combat Shield, Marine  
  65  6:21  SCV  
  65  6:24  Factory Reactor  
  66  6:31  SCV  
  67  6:33  SCV  
  67  6:34  Marauder  
  67  6:35  Marauder  
  67  6:36  Supply Depot  
  67  6:37  Supply Depot  
  72  6:41  Marine x2  
  72  6:46  Supply Depot  
  74  6:50  SCV  
  74  6:52  Medivac x2  
  79  6:55  Marauder  
  79  6:58  Marauder  
  79  6:59  Supply Depot  
  83  7:02  Marine x2, Widow Mine x2  
  83  7:06  SCV  
  90  7:10  Supply Depot  
  90  7:20  Marine x2  
  90  7:21  Marauder x2  
  96  7:25  Widow Mine x2  
  96  7:27  Supply Depot  
  100  7:38  Command Center  
  100  7:40  Medivac, Concussive Shells  
  100  7:43  Medivac  
  104  7:47  Marine x2  
  104  7:49  Marauder  
  108  7:52  Marauder  
  108  7:57  Widow Mine x2  
  114  8:11  Viking  
  114  8:12  Marine x2  
  115  8:13  Viking, Marauder x2  
  121  8:34  Marine x2  
  121  8:35  Marauder x2, SCV  
  121  8:38  Widow Mine  
  121  8:39  Widow Mine  
  121  8:45  SCV  
  121  8:48  SCV, Barracks  
  114  8:49  Viking x2  
  114  8:50  Barracks  
  118  9:00  Marine x2, Marauder x2  
  118  9:02  SCV x2  
  126  9:19  Starport  
  126  9:26  Marine x2, Marauder x2  
  126  9:30  SCV  
  119  9:39  SCV  
  119  9:43  Viking x2  
  124  9:46  Orbital Command  
  124  9:47  Barracks Tech Lab  
  124  9:48  Marauder, Barracks Reactor  
  126  10:06  Marine x2, Marauder  
  126  10:07  Marauder, SCV  
  124  10:13  Medivac x2, Marauder  
  119  10:24  Marine x2, SCV  
Show
View Real Time Build Order
Export as new Build Order

LetaleX Protoss 

Build Orders: 1 Gate Expand, Blink Stalkers 

Get SALT Encoding   

  8  0:00  Probe (Chrono Boost)  
  9  0:12  Probe (Chrono Boost)  
  11  0:21  Probe (Chrono Boost)  
  11  0:26  Probe  
  12  0:32  Pylon  
  12  0:38  Probe  
  13  0:50  Probe  
  13  0:56  Gateway  
  14  1:03  Probe (Chrono Boost)  
  16  1:12  Probe (Chrono Boost)  
  16  1:17  Probe (Chrono Boost)  
  17  1:34  Nexus  
  17  1:40  Assimilator  
  17  1:48  Cybernetics Core  
  17  1:51  Probe  
  18  1:57  Assimilator  
  18  2:03  Probe  
  18  2:08  Pylon  
  19  2:15  Probe  
  20  2:22  Adept (Chrono Boost)  
  20  2:27  Probe  
  23  2:35  Warp Gate  
  23  2:40  Probe (Chrono Boost)  
  24  2:46  Probe (Chrono Boost)  
  24  2:48  Stalker  
  27  2:57  Probe x2 (Chrono Boost)  
  29  3:02  Probe (Chrono Boost)  
  29  3:04  Probe (Chrono Boost)  
  31  3:06  Twilight Council  
  31  3:12  Probe  
  32  3:16  Probe (Chrono Boost)  
  33  3:22  Stalker  
  33  3:24  Probe (Chrono Boost)  
  36  3:34  Probe (Chrono Boost), Gateway  
  38  3:35  Probe (Chrono Boost)  
  38  3:40  Probe x2 (Chrono Boost), Blink (Chrono Boost)  
  40  3:50  Probe  
  40  3:52  Probe  
  40  3:57  Pylon  
  40  4:00  Robotics Facility  
  40  4:03  Probe  
  40  4:04  Probe  
  42  4:10  Pylon  
  42  4:15  Probe  
  42  4:16  Probe, Stalker  
  46  4:22  Stalker  
  48  4:30  Pylon  
  49  4:36  Stalker  
  50  4:39  Stalker  
  50  4:45  Nexus  
  52  4:47  Probe  
  52  4:48  Probe  
  52  4:49  Observer  
  55  4:53  Assimilator  
  55  4:59  Probe  
  56  5:00  Probe  
  57  5:11  Gateway, Probe  
  57  5:12  Probe  
  57  5:13  Gateway  
  59  5:18  Zealot x2  
  63  5:23  Probe  
  63  5:24  Probe  
  61  5:35  Stalker x2, Probe  
  61  5:36  Probe  
  61  5:47  Probe  
  61  5:48  Probe  
  63  5:51  Zealot  
  63  5:57  Robotics Bay  
  63  5:58  Forge  
  63  6:00  Probe x2 (Chrono Boost)  
  65  6:09  Nexus  
  65  6:10  Charge  
  63  6:12  Probe (Chrono Boost)  
  63  6:14  Pylon  
  63  6:18  Probe (Chrono Boost)  
  65  6:21  Probe (Chrono Boost)  
  65  6:25  Pylon  
  66  6:28  Protoss Ground Weapons Level 1 (Chrono Boost)  
  66  6:32  Zealot x2, Probe  
  71  6:34  Pylon  
  71  6:37  Probe  
  71  6:38  Zealot  
  74  6:41  Pylon  
  74  6:44  Probe  
  75  6:49  Probe  
  74  6:56  Probe  
  74  6:57  Colossus (Chrono Boost)  
  81  7:01  Probe  
  81  7:08  Probe  
  82  7:15  Probe (Chrono Boost)  
  82  7:22  Probe (Chrono Boost)  
  84  7:24  Zealot  
  84  7:25  Probe (Chrono Boost)  
  87  7:31  Probe x2 (Chrono Boost)  
  87  7:32  Zealot x3  
  87  7:34  Probe (Chrono Boost)  
  87  7:36  Probe (Chrono Boost)  
  95  7:38  Probe  
  95  7:40  Sentry  
  99  7:44  Probe  
  99  7:48  Probe  
  99  7:49  Sentry  
  99  7:50  Probe, Colossus (Chrono Boost)  
  104  7:53  Shield Battery  
  104  7:56  Probe  
  111  8:07  Probe  
  109  8:14  Probe  
  109  8:17  Zealot  
  111  8:21  Pylon  
  111  8:22  Pylon  
  111  8:25  Forge  
  111  8:34  Probe  
  111  8:40  Zealot x4  
  100  8:45  Colossus (Chrono Boost)  
  100  8:47  Zealot x4  
  100  8:48  Pylon  
  100  8:50  Probe  
  100  8:52  Gateway  
  100  8:54  Gateway  
  107  8:58  Pylon  
  107  9:01  Probe  
  108  9:03  Pylon  
  108  9:04  Nexus  
  108  9:08  Gateway  
  108  9:09  Gateway, Probe  
  109  9:11  Probe  
  109  9:15  Probe  
  111  9:19  Stalker x4  
  111  9:23  Pylon  
  117  9:25  Probe  
  114  9:36  Probe  
  102  9:40  Probe  
  103  9:57  Zealot x5  
  113  10:02  Zealot x5  
  113  10:03  Probe  
  102  10:11  Probe  
  75  10:15  Pylon  
  75  10:18  Pylon  
  63  10:23  Pylon  
  63  10:24  Stalker x5  
Tags
 
Add a new tag
Caveats
  • Supply blocks, unpowered buildings, or Contaminate may cause inaccurate times.
  • Supply counts are checked every 10 seconds.